 Dungeon Crawl Stone Soup version 0.28.0-1-gb440e238dd (webtiles) character file.

Game seed: 3977845596809274263

25893 PoweredByGinger the Peltast (level 12, 0/108 HPs)
             Began as a Minotaur Fighter on Feb 19, 2022.
             Was a High Priest of Okawaru.
             Slain by a harpy simulacrum (10 damage)
             ... in an ice cave.
             The game lasted 00:30:49 (24780 turns).

PoweredByGinger the Peltast (Minotaur Fighter)     Turns: 24780, Time: 00:30:49

Health: 0/108      AC: 17    Str: 26    XL:     12   Next: 93%
Magic:  10/16      EV: 11    Int:  5    God:    Okawaru [*****.]
Gold:   975        SH:  9    Dex: 12    Spells: 11/11 levels left

rFire   . . .      SeeInvis .   a - +0 broad axe
rCold   . . .      Faith    .   c - +0 buckler
rNeg    + . .      Spirit   .   t - +0 plate armour
rPois   .          Reflect  .   (helmet restricted)
rElec   .          Harm     .   B - scarf {repulsion}
rCorr   +          Rampage  .   K - +0 pair of gloves
Will    .....                   (no boots)
Stlth   ..........              y - amulet of the acrobat
HPRegen 0.28/turn               G - ring of positive energy
MPRegen 0.15/turn               u - ring of resist corrosion

@: heroic, finesse-ful, studying Shields, repel missiles
A: horns 2, retaliatory headbutt, high MP 1, strong 1
a: Renounce Religion, Heroism, Finesse, Duel


You were in an ice cave.
You worshipped Okawaru.
Okawaru was extremely pleased with you.
You visited 3 branches of the dungeon, and saw 17 of its levels.
You also visited: Bailey and Ice Cave.

You collected 975 gold pieces.

Inventory:

Hand Weapons
 a - a +0 broad axe (weapon)
 b - a +3 spectral club
 L - a +3 battleaxe
Missiles
 g - 30 javelins
 k - 10 boomerangs (quivered)
 l - 18 poisoned darts
Armour
 c - a +0 buckler (worn)
 t - a +0 plate armour (worn)
 B - a scarf of repulsion (worn)
 K - a +0 pair of gloves (worn)
Jewellery
 f - a ring of see invisible
 s - a ring of fire
 u - a ring of resist corrosion (right hand)
 y - an amulet of the acrobat (around neck)
 G - a ring of positive energy (left hand)
 N - a ring of ice
Wands
 h - a wand of charming (7)
 j - a wand of paralysis (2)
 E - a wand of flame (18)
 F - a wand of mindburst (5)
 J - a wand of polymorph (14)
 M - a wand of digging (8)
Scrolls
 o - 2 scrolls of immolation
 p - 2 scrolls of fog
 q - a scroll of enchant armour
 v - 2 scrolls of teleportation
 I - 2 scrolls of brand weapon {unknown}
 O - a scroll of blinking
 Q - 5 scrolls of enchant weapon
 S - 2 scrolls of fear
Potions
 d - 2 potions of might
 n - a potion of brilliance
 x - 2 potions of lignification
 C - 3 potions of attraction
 D - 2 potions of magic
 R - a potion of curing
 T - a potion of resistance
 U - a potion of cancellation {unknown}
Miscellaneous
 e - a piece from Xom's chessboard (15/15)


   Skills:
 * Level 10.8(15.8) Fighting
 + Level 15.4(20.4) Axes
 + Level 7.1(12.1) Armour
 + Level 5.2(10.2) Dodging
 + Level 16.6(21.6) Shields
 - Level 5.4 Invocations


You had 11 spell levels left.
You didn't know any spells.
Your spell library contained the following spells:

 Spells                   Type           Power      Damage    Failure   Level
 Pain                     Necr           0%         1d4       99%         1
 Slow                     Hex            0%         N/A       99%         1
 Confusing Touch          Hex            0%         N/A       100%        3
 Vampiric Draining        Necr           0%         2d6       100%        3
 Fulminant Prism          Conj/Hex       0%         3d6       100%        4
 Iskenderun's Mystic Bla  Conj/Tloc      0%         2d3       100%        4
 Leda's Liquefaction      Hex/Erth       0%         N/A       100%        4
 Agony                    Necr           0%         N/A       100%        5
 Excruciating Wounds      Necr           0%         N/A       100%        5
 Lee's Rapid Deconstruct  Erth           0%         3d5*      100%        5
 Yara's Violent Unravell  Hex/Tmut       0%         3d3       100%        5
 Statue Form              Tmut/Erth      0%         N/A       100%        6
 Enfeeble                 Hex            0%         N/A       100%        7


Dungeon Overview and Level Annotations

Branches:
Dungeon (13/15)            Temple (1/1) D:4            Lair (3/6) D:11
    Orc (0/2) D:10         Bailey (visited)           IceCv (1/1)
  Swamp: Lair:2-4    Shoals: Lair:2-4     Snake: Lair:2-4    Spider: Lair:2-4
 Vaults: D:13-14

Altars:
Ashenzari
Cheibriados
Dithmenos
Elyvilon
Fedhas
Gozag
Hepliaklqana
Kikubaaqudgha
Makhleb
Nemelex Xobeh
Okawaru
Qazlal
Ru
Sif Muna
Trog
Uskayaw
Vehumet
Wu Jian
Xom
Yredelemnul
Zin
The Shining One
Jiyva

Shops:
D:8 (   D:9 [(

Annotations:
D:5 Grinder
D:8 2 transporters, spaghetti's ghost, novice OgSu
D:12 Maurice
D:13 exclusion: upstairs IceCv 1 transporter


Innate Abilities, Weirdness & Mutations

You have a pair of horns on your head.
You reflexively headbutt those who attack you in melee.
You have an increased reservoir of magic. (+10% MP)
Your muscles are strong. (Str +2)


Message History

The freezing wraith hits you but does no damage.
You barely miss the freezing wraith. You headbutt the freezing wraith.
The freezing wraith is severely damaged.
You hit the harpy simulacrum. You slash the polar bear simulacrum!
You hit the polar bear simulacrum but do no damage.
You block the harpy simulacrum's attack.
The harpy simulacrum claws you. The harpy simulacrum freezes you!
The polar bear simulacrum bites you but does no damage.
The polar bear simulacrum claws you but does no damage.
The polar bear simulacrum claws you. The polar bear simulacrum freezes you!
* * * LOW HITPOINT WARNING * * *
The harpy simulacrum barely misses you.
You block the harpy simulacrum's attack.
The freezing wraith hits you.
* * * LOW HITPOINT WARNING * * *
The freezing wraith freezes you!
* * * LOW HITPOINT WARNING * * *
The freezing wraith hits you but does no damage.
The polar bear simulacrum bites you but does no damage.
The polar bear simulacrum claws you but does no damage.
The polar bear simulacrum closely misses you.
Blink to where?
Press: ? - help, Dir - move target, p - freezing wraith
Found a transporter.
As you read the scroll of blinking, it crumbles to dust.
The white ugly thing gurgles horribly!
Okay, then.
You feel much better.
You can now deal lightning-fast blows.
The harpy simulacrum barely misses you.
You block the harpy simulacrum's attack.
The harpy simulacrum claws you but does no damage.
The harpy simulacrum claws you.
* * * LOW HITPOINT WARNING * * *
The harpy simulacrum freezes you!
* * * LOW HITPOINT WARNING * * *
The harpy simulacrum claws you.
* * * LOW HITPOINT WARNING * * *
The harpy simulacrum freezes you!
You die...

##..........
#.......8..[.#...
#.........[.8#...
#.∩.∩....($©©#©..
#.....WZ..[.8#...
#.....Z.8..$.#u
##.....Z.....#
##....Z.Z...#
##.....@..#
####...### #####


You could see a white ugly thing, a freezing wraith, a death yak simulacrum, 3
polar bear simulacra and a harpy simulacrum.

Vanquished Creatures
  3 hydras
  A boulder beetle (D:9)
  A catoblepas (D:9)
  A two-headed ogre (D:10)
  A tengu warrior (D:13)
  Urug (Lair:1)
  A deep elf pyromancer (D:7)
  2 cyclopes
  3 manticores
  2 ugly things
  A black mamba (Lair:1)
  5 cane toads
  An unseen horror (D:10)
  4 komodo dragons
  The ghost of b960 the Firebug, a novice GrFE (D:3)
  2 hornets
  A slime creature (D:9)
  A troll (D:9)
  3 blink frogs
  A polar bear (Lair:2)
  A shadow (D:13)
  4 water elementals (D:10)
  12 yaks
  2 basilisks (Lair:2)
  A steam dragon (D:9)
  4 acid dragons
  11 water moccasins
  20 orc warriors
  3 sky beasts
  2 hornet zombies (D:9)
  4 ogres
  An ice beast (D:8)
  7 necrophages
  4 wolves (Lair:2)
  17 centaurs
  3 kobold brigands
  2 gnoll sergeants
  10 bullfrogs
  2 wyvern zombies
  A cane toad simulacrum (Lair:3)
  3 scorpions
  2 water moccasin zombies (D:6)
  11 killer bees (D:8)
  5 wights
  6 howler monkeys
  A bullfrog zombie (D:6)
  A crimson imp (D:4)
  A human zombie (D:6)
  3 hounds (D:4)
  Crazy Yiuf (D:3)
  11 orc priests
  4 centaur zombies
  A centaur skeleton (D:6)
  A jelly (D:5)
  2 bullfrog skeletons
  12 orc wizards
  Jessica (D:3)
  Ijyb (D:3)
  2 iguanas
  A wolf simulacrum (Lair:3)
  A killer bee zombie (D:6)
  A centaur simulacrum (D:9)
  2 mummies
  A hound skeleton (D:5)
  2 howler monkey zombies (D:9)
  A howler monkey skeleton (D:7)
  3 adders
  11 gnolls
  3 white imps
  2 worms
  3 dart slugs
  75 orcs
  9 bats
  11 endoplasms
  3 giant cockroaches
  8 goblins
  10 hobgoblins
  12 jackals
  16 kobolds
  2 quokkas
  6 ball pythons
  3 frilled lizards
  3 hobgoblin zombies (D:5)
  A kobold zombie (D:5)
  8 rats
  A spectral kobold (D:3)
415 creatures vanquished.

Vanquished Creatures (others)
  A centaur (Bailey)
  2 orc wizards
  An orc (D:9)
  40 fungi
  34 plants
78 creatures vanquished.

Grand Total: 493 creatures vanquished

Notes
Turn   | Place    | Note
-------+----------+-------------------------------------------
     0 | D:1      | PoweredByGinger the Minotaur Fighter began the quest for
                  | the Orb.
     0 | D:1      | Reached XP level 1. HP: 19/19 MP: 0/0
   145 | D:1      | Reached skill level 4 in Shields
   145 | D:1      | Reached XP level 2. HP: 26/26 MP: 1/1
   594 | D:1      | Reached XP level 3. HP: 31/31 MP: 2/2
  1144 | D:2      | Reached skill level 5 in Shields
  1144 | D:2      | Reached XP level 4. HP: 28/39 MP: 3/3
  1572 | D:3      | Noticed a necrophage
  1573 | D:3      | Found a runed translucent gate.
  1573 | D:3      | Found a runed translucent gate.
  1577 | D:3      | Noticed b960's ghost (novice GrFE)
  1587 | D:3      | Found a runed translucent gate.
  1792 | D:3      | Found a faded altar of an unknown god.
  1845 | D:3      | Found a shimmering blue altar of Sif Muna.
  2032 | D:3      | Noticed Jessica
  2038 | D:3      | Killed Jessica
  2039 | D:3      | Reached XP level 5. HP: 45/45 MP: 4/4
  2305 | D:3      | Found a runed translucent door.
  2306 | D:3      | Noticed Crazy Yiuf
  2307 | D:3      | Noticed Ijyb
  2511 | D:4      | Reached skill level 5 in Axes
  2660 | D:4      | Found a glowing silver altar of Zin.
  2663 | D:4      | Found a stormy altar of Qazlal.
  2666 | D:4      | Found a broken altar of Ashenzari.
  2734 | D:4      | Reached skill level 6 in Shields
  2957 | D:4      | Reached XP level 6. HP: 47/51 MP: 5/5
  3003 | D:4      | Found a staircase to the Ecumenical Temple.
  3017 | Temple   | Entered the Ecumenical Temple
  3108 | Temple   | Became a worshipper of Warmaster Okawaru
  3555 | D:4      | Found a sparkling altar of Nemelex Xobeh.
  3598 | D:5      | Entered Level 5 of the Dungeon
  3654 | D:5      | Noticed a sky beast
  4084 | D:5      | Reached skill level 7 in Shields
  4462 | D:5      | Reached XP level 7. HP: 19/57 MP: 6/6
  4682 | D:5      | HP: 1/57 [orc priest/divine providence (11)]
  5083 | D:5      | Found a hide-covered altar of Uskayaw.
  5093 | D:5      | Reached * piety under Okawaru
  5243 | D:5      | Reached skill level 8 in Shields
  5385 | D:5      | Noticed Grinder
  5541 | D:5      | Reached XP level 8. HP: 19/64 MP: 7/7
  5920 | D:6      | Reached skill level 9 in Shields
  6236 | D:6      | Reached ** piety under Okawaru
  6339 | D:6      | Found an opulent altar of Gozag.
  6419 | D:6      | Reached skill level 10 in Shields
  6452 | D:6      | Found an ancient bone altar of Kikubaaqudgha.
  6469 | D:6      | Reached skill level 10 in Axes
  6603 | D:6      | Reached XP level 9. HP: 67/70 MP: 8/8
  7182 | D:7      | Noticed a deep elf pyromancer
  7322 | D:7      | Killed a deep elf pyromancer
  7322 | D:7      | Reached *** piety under Okawaru
  7323 | D:7      | Reached skill level 11 in Shields
  8733 | D:8      | Reached skill level 5 in Fighting
  8909 | D:8      | Noticed a brown ugly thing
  9030 | D:8      | Found Feal Leh's Weapon Shoppe.
  9072 | D:8      | Reached skill level 12 in Shields
  9088 | D:8      | Reached **** piety under Okawaru
  9266 | D:8      | Reached XP level 10. HP: 57/84 MP: 9/9
  9441 | D:8      | Killed a brown ugly thing
  9749 | D:8      | Found a glowing golden altar of the Shining One.
  9769 | D:8      | Found a transporter.
  9772 | D:8      | Noticed a green ugly thing
  9772 | D:8      | Noticed spaghetti's ghost (novice OgSu)
  9773 | D:8      | Found a transporter.
 10294 | D:3      | Killed b960's ghost
 10694 | D:3      | Killed Ijyb
 10696 | D:3      | Killed Crazy Yiuf
 11484 | D:9      | Found Duumuab's Armour Boutique.
 11515 | D:9      | Found a radiant altar of Vehumet.
 11605 | D:9      | HP: 4/84 [/a scroll of torment (1)]
 12011 | D:9      | Noticed a manticore
 12023 | D:9      | Killed a manticore
 12023 | D:9      | Reached ***** piety under Okawaru
 12024 | D:9      | Reached skill level 5 in Invocations
 12531 | D:9      | Found Soshraafo's Antique Weapon Emporium.
 12543 | D:9      | Noticed a brown ugly thing
 12577 | D:9      | Killed a brown ugly thing
 12577 | D:9      | Received a gift from Okawaru
 12578 | D:9      | Reached skill level 13 in Shields
 12841 | D:9      | Noticed a catoblepas
 12859 | D:9      | Killed a catoblepas
 12860 | D:9      | Reached XP level 11. HP: 39/90 MP: 14/14
 13343 | D:9      | Paralysed by a hornet for 3 turns
 13755 | D:9      | Noticed a boulder beetle
 13773 | D:9      | Killed a boulder beetle
 13950 | D:9      | Noticed a deep elf pyromancer
 14219 | D:10     | Entered Level 10 of the Dungeon
 14228 | D:10     | Reached skill level 14 in Shields
 14576 | D:10     | Found a flagged portal.
 14593 | Bailey   | Entered a bailey
 16155 | Bailey   | Gained mutation: You have an increased reservoir of magic.
                  | (+10% MP) [potion of mutation]
 16155 | Bailey   | Gained mutation: Your muscles are strong. (Str +2) [potion
                  | of mutation]
 17093 | D:10     | Found a white marble altar of Elyvilon.
 17220 | D:10     | Found a staircase to the Orcish Mines.
 17246 | D:10     | You fall into a shaft and drop 3 floors!
 17494 | D:13     | Reached skill level 1 in Dodging
 17518 | D:13     | Noticed a tengu warrior
 17565 | D:13     | Killed a tengu warrior
 17939 | D:13     | Identified the +1 robe of Voracious Brilliance {rElec rPois
                  | Dex-4 Stlth+}
 18113 | D:12     | Noticed a skeletal warrior
 18113 | D:12     | Noticed a skeletal warrior
 18113 | D:12     | Noticed a skeletal warrior
 18363 | D:12     | Noticed Maurice
 18477 | D:11     | Reached skill level 15 in Shields
 18780 | D:11     | Received a gift from Okawaru
 19172 | D:10     | Paralysed by a hornet for 2 turns
 19248 | D:10     | Noticed a two-headed ogre
 19263 | D:10     | Killed a two-headed ogre
 19264 | D:10     | Reached skill level 5 in Armour
 19274 | D:10     | Reached XP level 12. HP: 43/101 MP: 16/16
 20949 | D:11     | Noticed a four-headed hydra
 20957 | D:11     | Killed a four-headed hydra
 21176 | D:11     | Found a staircase to the Lair.
 21572 | Lair:1   | Entered Level 1 of the Lair of Beasts
 21598 | Lair:1   | Noticed Urug
 21609 | Lair:1   | Killed Urug
 21610 | Lair:1   | Reached skill level 15 in Axes
 21895 | Lair:1   | Received a gift from Okawaru
 22315 | Lair:1   | Reached skill level 16 in Shields
 22836 | Lair:2   | Reached ****** piety under Okawaru
 22859 | Lair:1   | Received a gift from Okawaru
 22967 | Lair:2   | Reached skill level 10 in Fighting
 23210 | Lair:2   | Noticed a five-headed hydra
 23219 | Lair:2   | Killed a five-headed hydra
 23393 | Lair:2   | Noticed a four-headed hydra
 23401 | Lair:2   | Killed a four-headed hydra
 23402 | Lair:2   | Reached skill level 5 in Dodging
 24578 | Lair:3   | Found a frozen archway.
 24771 | IceCv    | Entered an ice cave
 24778 | IceCv    | Found a transporter.
 24780 | IceCv    | Slain by a harpy simulacrum

Illustrated notes

Levels and vault maps discovered:
D:1:      dpeg_arrival_round_b, layout_basic
D:2:      layout_rooms, minmay_hexomino_p4
D:3:      layout_rooms, nicolae_overflow_crystal_walls, gammafunk_ghost_split,
          dreamdust_ecumenical_altar_drowned_temple, kennysheep_pointless_box,
          uniq_crazy_yiuf_cottage, uniq_jessica, uniq_ijyb
D:4:      layout_basic, lemuel_coloured_pillars_altar,
          grunt_temple_overflow_open, minmay_temple_entry_ruins,
          minmay_fire_ice_demons
D:5:      layout_rooms, mainiacjoe_overflow_chevrons, minmay_mini_ossuary,
          uniq_grinder
D:6:      layout_basic, lemuel_mausoleum_altar_kikubaaqudgha,
          grunt_gozag_statues
D:7:      layout_gridville
D:8:      layout_basic, tso_oasis_becter, gammafunk_ghost_arena, serial_shops,
          kennysheep_mini, hellmonk_bongcloud_opening,
          minmay_fractal_squares_gapless_5
D:9:      nzn_winding_woodlands_three_and_one
          [nzn_winding_woodlands_5x15_garden,
          nzn_winding_woodlands_5x15_longhouse, nzn_winding_woodlands_5x15_eye,
          nzn_winding_woodlands_center_pierced_h], layout_irregular_city,
          nicolae_vehumet_radiance, serial_column_ruins,
          column_ruins_hut_pillars, column_ruins_square_medium,
          column_ruins_corridor_T, column_ruins_corridor_straight,
          column_ruins_open_tiny, column_ruins_corridor_straight, serial_shops,
          shop, kennysheep_small_circle
D:10:     layout_rooms, elyvilon_altar_1, david_orc_2,
          lightli_bailey_entry_fortress, nicolae_underground_beach
D:11:     layout_stronghold, grunt_lair_entry_orc_guard_hut
D:12:     minmay_eight_partial_circles, layout_gridville, uniq_maurice,
          uniq_jorgrun
D:13:     layout_gridville
Temple:   pf_slimified_temple
Lair:1:   wander_river, layout_long_grid, grunt_megastairs_5,
          lemuel_fruit_fields, uniq_urug
Lair:2:   layout_big_grid, chequers_serial_rivers_marsh, guppyfry_lair_drakes
Lair:3:   layout_cave_pods, portal_ice_cave_entry_ice_simulacra
IceCv:    ice_cave_statue_garden_transporter

Skill      XL: |  1  2  3  4  5  6  7  8  9 10 11 12 |
---------------+-------------------------------------+-----
Shields        | 4 5 6 7 8 10 12 13 15 16 | 16.6
Axes           | 3 4 5 6 8 10 11 13 14 15 | 15.4
Fighting       | 6 8 10 | 10.8
Invocations    | 5 |  5.4
Armour         | 5 7 |  7.1
Dodging        | 2 5 |  5.2

Action                   |  1- 3 |  4- 6 |  7- 9 | 10-12 || total
-------------------------+-------+-------+-------+-------++-------
Melee: War axe           |    63 |   114 |       |   139 ||   316
       Headbutt          |     3 |    20 |    51 |   238 ||   312
       Hand axe          |       |    28 |   260 |   762 ||  1050
       Broad axe         |       |       |       |    72 ||    72
       Club              |       |       |       |    12 ||    12
Throw: Boomerang         |       |       |       |    48 ||    48
       Dart              |       |       |       |     8 ||     8
Invok: Finesse           |       |       |       |     8 ||     8
       Heroism           |       |       |       |     3 ||     3
Evoke: Wand              |       |       |     9 |    18 ||    27
  Use: Potion            |       |       |     3 |    11 ||    14
       Scroll            |       |       |     1 |    23 ||    24
Armor: Scale mail        |    44 |    67 |    76 |    63 ||   250
       Plate armour      |       |       |       |   282 ||   282
Dodge: Dodged            |    38 |    73 |    88 |   378 ||   577
       Repelled          |       |       |       |     5 ||     5
Block: Buckler           |    14 |    23 |    43 |   294 ||   374
